Map: Arctic Dream LE

Players

qqq

  • Race: Protoss Protoss
  • Spawn Location: 11:00

Massa

  • Race: Terran Terran
  • League: Platinum
  • Spawn Location: 12:00

IceNova - Winner!

  • Race: Protoss Protoss
  • Spawn Location: 5:00

Talyalyanin - Winner!

  • Race: Zerg Zerg
  • League: Platinum
  • Spawn Location: 6:00

VOD

Have the link to the VOD?

Description

Time

  • Played on: Nov. 6, 2020, 4:35 p.m.
  • Length: 8:53
Show
View Real Time Build Order
Export as new Build Order

qqq Protoss 

Build Orders: Cannon Rush 

Get SALT Encoding   

  12  0:01  Probe  
  13  0:13  Probe  
  14  0:22  Pylon  
  14  0:25  Probe  
  15  0:40  Probe  
  15  0:41  Forge  
  16  0:52  Probe  
  17  1:14  Pylon  
  17  1:16  Pylon  
  17  1:19  Pylon  
  17  1:23  Pylon  
  17  1:32  Photon Cannon  
  17  1:35  Photon Cannon  
  17  1:44  Photon Cannon  
  17  2:00  Photon Cannon  
  15  2:33  Probe  
  16  2:40  Photon Cannon  
  16  2:45  Probe  
  16  2:49  Nexus  
  17  2:57  Probe  
  18  3:08  Pylon  
  18  3:09  Probe  
  19  3:14  Gateway  
  19  3:22  Probe  
  20  3:27  Photon Cannon  
  20  3:34  Probe  
  21  3:44  Gateway  
  21  3:46  Probe  
  22  3:57  Pylon x2  
  22  3:58  Probe  
  22  4:07  Photon Cannon  
  17  4:10  Probe  
  9  4:22  Probe  
  7  4:25  Probe  
  8  4:39  Probe  
  10  4:55  Zealot (Chrono Boost)  
  11  5:21  Photon Cannon  
  11  5:40  Probe  
  10  5:46  Pylon  
  10  6:08  Pylon  
  10  6:26  Pylon  
  10  6:33  Probe  
Show
View Real Time Build Order
Export as new Build Order

Massa Terran 

Build Orders: Reaper Expand 

Get SALT Encoding   

  12  0:00  SCV  
  13  0:12  SCV  
  14  0:17  Supply Depot  
  14  0:25  SCV  
  15  0:38  SCV  
  15  0:40  Barracks  
  16  0:48  Refinery  
  16  0:51  SCV  
  17  1:03  SCV  
  18  1:15  SCV  
  19  1:29  Orbital Command  
  19  1:32  Reaper  
  20  1:42  Command Center  
  20  1:55  SCV  
  20  1:56  Supply Depot  
  21  2:04  Marine  
  21  2:07  SCV  
  23  2:28  Factory  
  23  2:29  Engineering Bay  
  23  2:31  Barracks  
  23  2:43  SCV  
  24  2:50  Barracks Tech Lab  
  24  2:55  SCV  
  25  3:04  Orbital Command  
  25  3:07  SCV  
  25  3:11  Marauder  
  28  3:12  Stimpack  
  28  3:14  Factory Tech Lab  
  28  3:19  SCV, Barracks  
  29  3:25  Missile Turret  
  29  3:27  Marine  
  29  3:31  SCV  
  29  3:32  SCV  
  29  3:33  Marauder  
  34  3:38  Widow Mine  
  36  3:43  SCV  
  36  3:45  Marine  
  36  3:46  Refinery  
  36  3:47  SCV, Missile Turret  
  39  3:54  Marauder  
  39  3:55  SCV  
  42  3:59  SCV  
  43  4:14  SCV x2  
  44  4:26  SCV  
  45  4:43  Marine  
  45  4:44  Marine  
  44  4:46  Siege Tank  
  44  4:50  Marauder  
  42  5:01  Marine  
  42  5:02  Marine  
  42  5:05  SCV x2  
  34  5:17  SCV x2  
  34  5:19  Marine  
  37  5:23  Widow Mine  
  38  5:35  Marauder, Marine  
  38  5:38  Marine  
  38  5:41  SCV x2  
  41  5:52  Marine  
  41  5:53  SCV x2  
  41  5:56  Marauder  
  46  6:04  Marine  
  46  6:05  SCV  
  46  6:06  Missile Turret  
  46  6:08  Refinery  
  46  6:10  Refinery  
  46  6:19  Supply Depot  
  46  6:20  Supply Depot  
  46  6:26  Marine x2  
  46  6:27  Missile Turret  
  46  6:36  Missile Turret  
  46  6:41  SCV x2, Marine, Missile Turret, Cyclone  
  46  6:44  Marine x2, Supply Depot  
  46  6:45  Supply Depot  
  54  6:47  Missile Turret  
  54  6:53  SCV  
  55  6:58  Marine  
  56  7:01  Barracks  
  56  7:02  Marine x2  
  56  7:03  Barracks  
  58  7:08  Supply Depot  
  58  7:10  Supply Depot  
  58  7:16  Marine  
  58  7:17  Armory  
  58  7:20  Marine  
  61  7:32  Combat Shield  
  61  7:34  Marine  
  61  7:36  Barracks Reactor  
  61  7:38  Marauder  
  61  7:40  SCV x2  
  64  7:52  SCV x2, Marine  
  36  8:36  SCV x2  
Show
View Real Time Build Order
Export as new Build Order

IceNova Protoss - Winner!

Build Orders:  

Get SALT Encoding   

  12  0:01  Probe  
  13  0:16  Probe, Pylon  
  14  0:29  Probe (Chrono Boost)  
  14  0:35  Gateway  
  15  0:41  Probe (Chrono Boost)  
  16  0:47  Probe (Chrono Boost)  
  16  0:48  Assimilator  
  17  0:55  Probe  
  18  1:07  Probe  
  19  1:19  Probe  
  19  1:23  Zealot (Chrono Boost)  
  22  1:31  Gateway  
  22  1:40  Probe  
  22  1:41  Pylon  
  23  1:57  Pylon  
  23  1:59  Probe  
  26  2:12  Forge  
  18  2:34  Nexus  
  18  2:40  Cybernetics Core  
  18  2:50  Photon Cannon  
  18  3:03  Pylon  
  18  3:15  Photon Cannon  
  18  3:23  Photon Cannon  
  18  3:26  Shield Battery  
  18  3:29  Probe  
  19  3:43  Stargate  
  19  3:53  Probe (Chrono Boost)  
  20  3:57  Pylon  
  21  4:03  Probe (Chrono Boost)  
  21  4:08  Probe (Chrono Boost)  
  21  4:12  Probe  
  21  4:13  Assimilator  
  21  4:16  Photon Cannon  
  23  4:19  Void Ray (Chrono Boost)  
  23  4:20  Probe  
  24  4:25  Probe  
  29  4:37  Gateway  
  29  4:43  Probe  
  30  4:52  Void Ray (Chrono Boost)  
  34  5:11  Probe  
  34  5:14  Probe  
  36  5:16  Assimilator  
  36  5:23  Probe  
  36  5:26  Probe  
  36  5:27  Shield Battery  
  38  5:31  Stalker  
  38  5:35  Probe  
  41  5:37  Void Ray (Chrono Boost)  
  41  5:38  Probe  
  42  5:46  Robotics Facility  
  46  5:50  Probe  
  47  6:02  Probe  
  48  6:07  Void Ray  
  48  6:14  Probe  
  53  6:25  Probe  
  54  6:36  Assimilator  
  54  6:38  Protoss Air Weapons Level 1  
  54  6:56  Pylon  
  54  6:59  Pylon  
  54  7:06  Immortal  
  54  7:08  Void Ray  
  54  7:14  Probe (Chrono Boost)  
  59  7:26  Probe (Chrono Boost)  
  60  7:31  Probe (Chrono Boost)  
  61  7:41  Probe (Chrono Boost)  
  61  7:42  Robotics Bay  
  62  7:44  Gateway  
  62  7:46  Gateway  
  62  7:50  Twilight Council  
  63  7:52  Probe (Chrono Boost)  
  63  7:56  Probe (Chrono Boost)  
  64  8:09  Probe  
  55  8:26  Probe  
  58  8:39  Probe  
Show
View Real Time Build Order
Export as new Build Order

Talyalyanin Zerg - Winner!

Build Orders: Hatch First 

Get SALT Encoding   

  12  0:00  Drone  
  13  0:16  Overlord  
  13  0:18  Drone  
  14  0:35  Drone x2  
  16  0:52  Hatchery  
  16  0:54  Drone  
  16  0:56  Drone  
  18  1:04  Drone  
  18  1:11  Extractor  
  17  1:19  Spawning Pool  
  17  1:22  Drone  
  17  1:24  Drone  
  18  1:43  Overlord  
  18  1:45  Drone  
  19  2:06  Queen  
  19  2:07  Queen  
  23  2:08  Zergling x2  
  23  2:09  Zergling x2  
  23  2:12  Zergling x2  
  26  2:20  Extractor  
  25  2:29  Evolution Chamber  
  24  2:31  Metabolic Boost  
  24  2:32  Zergling x4  
  26  2:48  Zergling x8  
  30  2:55  Overlord  
  30  3:05  Zerg Melee Weapons Level 1  
  30  3:18  Spine Crawler  
  29  3:23  Drone x3  
  30  3:53  Zergling x12  
  30  3:54  Zergling x2  
  29  4:36  Zergling x10  
  29  4:37  Zergling x4  
  35  4:54  Zergling x6  
  33  5:09  Zergling x2  
  33  5:10  Zergling x4  
  35  5:14  Drone  
  29  5:35  Zergling x4  
  29  5:36  Zergling x4  
  33  5:45  Roach Warren  
  32  5:57  Drone x2  
  32  5:58  Drone x3  
  32  5:59  Drone  
  32  6:00  Drone x2  
  32  6:03  Zerg Ground Armor Level 1  
  40  6:04  Lair  
  31  6:28  Zergling x10  
  31  6:29  Zergling x8  
  39  6:51  Hatchery  
  39  6:52  Drone  
  39  6:53  Drone x4  
  43  6:56  Extractor  
  42  7:01  Extractor  
  42  7:06  Glial Reconstitution  
  41  7:22  Zergling x4  
  39  7:44  Zergling x4  
  39  7:45  Zergling x6  
  39  7:47  Overlord x2  
  39  7:48  Overlord x2  
  42  8:09  Roach x5  
  42  8:10  Roach x3  
  58  8:21  Hydralisk Den  
Tags
 
Add a new tag
Caveats
  • Supply blocks, unpowered buildings, or Contaminate may cause inaccurate times.
  • Supply counts are checked every 10 seconds.